 Dungeon Crawl Stone Soup version 0.25-a0-316-gd28d56f (webtiles) character file.

Game seed: 13306293853099025449, levelgen mode: deterministic

84582 EonDragon20 the Impaler (level 15, -15/115 HPs)
             Began as a Merfolk Skald on Dec 24, 2019.
             Was a Follower of Uskayaw.
             Killed from afar by Aizul (39 damage)
             ... with a bolt of poison
             ... on level 1 of the Shoals.
             The game lasted 01:46:42 (30185 turns).

EonDragon20 the Impaler (Merfolk Skald)            Turns: 30185, Time: 01:46:43

Health: -15/115    AC: 27    Str: 16    XL:     15   Next: 81%
Magic:  24/25      EV: 21    Int: 16    God:    Uskayaw [*.....]
Gold:   539        SH:  0    Dex: 24    Spells: 7/27 levels left

rFire    . . .     SeeInvis .   D - +4 halberd (protect)
rCold    . . .     Gourm    .   (shield currently unavailable)
rNeg     . . .     Faith    .   T - +5 ring mail of Sovereignty {*Contam Str-3 Int+6 Dex+9}
rPois    .         Spirit   .   r - +2 helmet
rElec    .         Reflect  .   L - +2 cloak
rCorr    .         Harm     .   y - +0 pair of gloves
MR       +++++                  a - +0 pair of boots "Riczae" {MR+++ Regen+ Int-5 Stlth+}
Stlth    +++.......             O - amulet of magic regeneration
HPRegen  1.69/turn              c - ring of protection from magic
MPRegen  0.44/turn              o - ring of stealth

@: mighty, lethally poisoned (-15 -> -38), protection aura, regenerating
A: change form in water, swift swim, stealthy swim
a: Stomp, Renounce Religion


You were on level 1 of the Shoals.
You worshipped Uskayaw.
Uskayaw was noncommittal.
You were not hungry.

You visited 4 branches of the dungeon, and saw 22 of its levels.

You collected 2639 gold pieces.
You spent 2100 gold pieces at shops.

Inventory:

Hand Weapons
 D - a +4 halberd of protection (weapon)
 R - a +6 spear of piercing
Armour
 a - the +0 pair of boots "Riczae" (worn) {MR+++ Regen+ Int-5 Stlth+}
   (You bought it in a shop on level 2 of the Orcish Mines)

   It affects your intelligence (-5).
   It affects your resistance to hostile enchantments.
   It increases your rate of regeneration.
   It makes you more stealthy.
 b - a +3 leather armour
 r - a +2 helmet (worn)
 u - a +1 shield of fire resistance
 y - a +0 pair of gloves (worn)
 L - a +2 cloak (worn)
 N - a +2 pair of boots
 T - the +5 ring mail of Sovereignty (worn) {*Contam Str-3 Int+6 Dex+9}
   (You bought it in a shop on level 2 of the Orcish Mines)

   It affects your strength (-3).
   It affects your intelligence (+6).
   It affects your dexterity (+9).
   It causes magical contamination when unequipped.
Jewellery
 c - a ring of protection from magic (left hand)
 o - a ring of stealth (right hand)
 B - a +3 ring of intelligence
 G - an uncursed amulet of regeneration
 J - an uncursed ring of resist corrosion
 O - an amulet of magic regeneration (around neck)
 Q - an uncursed ring of magical power
Wands
 f - a wand of flame (69)
 q - a wand of paralysis (8)
 w - a wand of iceblast (8)
 K - a wand of digging (8)
 M - a wand of clouds (10)
Scrolls
 g - 17 scrolls of remove curse
 l - 4 scrolls of teleportation
 s - 2 scrolls of magic mapping
 v - 2 scrolls of fog
 E - 4 scrolls of amnesia
 P - 5 scrolls of identify
 S - a scroll of random uselessness {unknown}
Potions
 h - a potion of ambrosia
 i - 2 potions of cancellation
 j - 3 potions of magic
 k - a potion of might
 m - a potion of flight
 n - 4 potions of agility
 p - 5 potions of curing
 t - 2 potions of lignification
 x - 5 potions of mutation
 z - 3 potions of berserk rage
 C - 6 potions of resistance
 F - 2 potions of invisibility
 H - 5 potions of brilliance
 I - 3 potions of haste
Comestibles
 d - 20 rations


   Skills:
 + Level 10.1 Fighting
 * Level 19.0 Polearms
 + Level 6.9 Armour
 + Level 11.8 Dodging
 + Level 9.1 Shields
 - Level 6.7 Spellcasting
 + Level 14.3 Charms
 - Level 5.0 Translocations


You had 7 spell levels left.
You knew the following spells:

 Your Spells              Type           Power        Failure   Level  Hunger
a - Infusion              Chrm           ####         1%          1    None
b - Song of Slaying       Chrm           ######..     1%          2    None
c - Shroud of Golubria    Chrm/Tloc      #####.       1%          2    None
d - Spectral Weapon       Hex/Chrm       ####....     3%          3    ##.....
e - Regeneration          Chrm/Necr      ####......   3%          3    ##.....
f - Ozocubu's Armour      Chrm/Ice       ####....     3%          3    ##.....
g - Deflect Missiles      Chrm/Air       ####......   87%         6    #######

Your spell library contained the following spells:

 Spells                   Type           Power        Failure   Level  Hunger
 Gell's Gravitas          Tloc           ###.......   9%          3    ##.....
 Beastly Appendage        Tmut           #.....       22%         1    None
 Freeze                   Ice            #...         22%         1    None
 Portal Projectile        Hex/Tloc       ##....       24%         3    ##.....
 Poisonous Vapours        Pois/Air       #.....       32%         2    None
 Sticks to Snakes         Tmut           #.......     32%         2    None
 Call Canine Familiar     Summ           #.......     54%         3    ##.....
 Conjure Flame            Conj/Fire      #.......     54%         3    ##.....
 Dazzling Flash           Conj/Hex       #.....       54%         3    ##.....
 Mephitic Cloud           Conj/Pois/Air  #.......     54%         3    ##.....
 Spider Form              Tmut/Pois      #.........   54%         3    ##.....
 Tukima's Dance           Hex            #.......     54%         3    ##.....
 Hailstorm                Conj/Ice       #.......     91%         4    ####...
 Ice Form                 Ice/Tmut       #.......     91%         4    ####...
 Summon Ice Beast         Ice/Summ       #.......     91%         4    ####...
 Summon Lightning Spire   Summ/Air       #.......     91%         4    ####...
 Blade Hands              Tmut           #.........   99%         5    #####..
 Irradiate                Conj/Tmut      #.........   99%         5    #####..
 Silence                  Hex/Air        #.........   99%         5    #####..
 Conjure Ball Lightning   Conj/Air       #.........   100%        6    #######
 Freezing Cloud           Conj/Ice/Air   #.........   100%        6    #######
 Hydra Form               Tmut           #.........   100%        6    #######
 Statue Form              Tmut/Erth      #........    100%        6    #######
 Dragon Form              Tmut           #.........   100%        7    #######
 Ring of Flames           Chrm/Fire      ####......   100%        7    #######
 Tornado                  Air            #.........   100%        9    #######


Dungeon Overview and Level Annotations

Branches:
Dungeon (13/15)            Temple (0/1) D:4            Lair (6/6) D:8
 Shoals (1/4) Lair:4       Spider (0/4) Lair:3        Slime (0/5) Lair:6
    Orc (2/2) D:12            Elf (0/3) Orc:2
 Vaults: D:13-14

Altars:
Ashenzari
Cheibriados
Elyvilon
Hepliaklqana
Kikubaaqudgha
Nemelex Xobeh
Okawaru
Qazlal
Ru
Trog
Uskayaw
Vehumet
Wu Jian
Yredelemnul
Zin
The Shining One
Beogh

Shops:
D:10 !   Orc:1 (   Orc:2 :?([

Annotations:
D:2 1 runed translucent door, Crazy Yiuf
Lair:3 exclusion: oklob plant
Lair:5 exclusion: 2 oklob plants
Shoals:1 Aizul
Orc:1 exclusion: oklob plant


Message History

Aizul is severely wounded.
You feel very sick.
Your spectral weapon misses Aizul.
Aizul hits you but does no damage. Aizul barely misses you.
Press: ? - help, v - describe, . - travel Some shallow water.
You hit Aizul.
Aizul is severely wounded.
You feel very sick.
Your spectral weapon completely misses Aizul.
Aizul coils herself and waves her upper body at you.
The bolt of poison misses you.
You barely miss Aizul.
Aizul is severely wounded.
You feel very sick.
Your spectral weapon misses Aizul.
Aizul coils herself and waves her upper body at you.
The bolt of poison hits you!!!
You are more poisoned.
You die...

...........≈≈......###....≈≈≈≈≈≈≈
....≈.....≈.......[.####^.≈≈≈≈≈≈≈
≈.........≈≈..(≈≈≈..## #..≈≈≈≈≈≈≈
≈.≈≈.........≈≈≈≈≈≈..###..≈≈≈≈≈≈≈
.≈≈≈.........≈≈.≈≈≈≈..#...≈≈≈≈≈≈≈
≈≈≈......###....≈≈≈(≈....≈≈≈≈≈≈≈≈
≈≈≈≈.....###.....≈≈≈≈≈≈≈≈≈≈≈≈≈≈≈≈
.≈≈≈≈.....##......≈≈≈≈≈≈≈≈≈≈≈≈≈≈≈
.≈≈≈≈≈..........@(≈≈≈≈≈≈..≈≈≈≈≈≈≈
.≈≈≈≈>###......≈.S≈≈≈≈≈≈...≈≈≈≈≈≈
≈≈≈≈≈..##.........≈≈≈≈≈≈....≈≈≈≈≈
≈≈≈≈.).##......#..≈≈≈≈≈...≈≈≈≈.≈≈
≈≈≈≈≈≈...........≈≈≈≈...[.≈≈≈≈≈≈≈
≈≈≈≈≈†≈...).≈...>≈≈≈≈.....≈≈..≈≈≈
≈≈≈≈≈.≈≈≈.≈≈≈≈....≈≈≈..###≈...≈≈≈
≈≈≈≈≈≈.≈≈≈≈≈(≈≈≈≈.≈≈...###.≈..≈≈≈
≈≈≈≈≈≈≈≈≈≈≈≈≈≈≈≈≈≈≈≈≈......≈≈≈≈≈≈


You could see Aizul and a friendly spectral +4 halberd of protection.

Vanquished Creatures
  Jorgrun (Orc:2)
  An orc warlord (D:12)
  4 merfolk impalers (Shoals:1)
  A merfolk javelineer (Shoals:1)
  Erolcha (Orc:2)
  5 hydras
  A catoblepas (Lair:6)
  A merfolk avatar (Shoals:1)
  A merfolk aquamancer (Shoals:1)
  10 death yaks
  2 ogre magi (Orc:2)
  5 two-headed ogres
  A queen ant (Lair:3)
  4 sea snakes (Shoals:1)
  2 unseen horrors
  Pikel (D:6)
  5 orc knights
  3 ugly things
  3 manticores (Shoals:1)
  4 fauns (Shoals:1)
  7 orc sorcerers (Orc:2)
  2 merfolk sirens (Shoals:1)
  A cyclops (D:13)
  25 elephants
  Joseph (D:7)
  3 black mambas
  5 spiny frogs
  9 komodo dragons
  3 rime drakes
  A wind drake (Shoals:1)
  4 jumping spiders (Lair:3)
  6 trolls
  8 merfolk (Shoals:1)
  A polar bear (Lair:6)
  2 hornets (D:9)
  10 blink frogs
  10 hippogriffs
  4 dream sheep (Lair:3)
  4 snapping turtles (Shoals:1)
  2 redbacks (Lair:3)
  A vampire (D:12)
  4 water elementals (Shoals:1)
  4 wyverns
  43 yaks
  A wraith (D:7)
  7 basilisks
  A hungry ghost (D:12)
  A steam dragon (D:8)
  Menkaure (D:5)
  A warg (D:11)
  6 soldier ants
  10 water moccasins
  5 porcupines
  A slave (D:6)
  3 ice beasts
  A sky beast (D:9)
  23 orc warriors
  A phantom (D:5)
  9 wolves
  13 ogres
  A hornet zombie (D:11)
  11 crocodiles
  7 centaurs
  Blork the orc (D:6)
  A big kobold (D:11)
  12 bullfrogs
  A gnoll sergeant (D:9)
  A wyvern skeleton (D:9)
  2 scorpions
  10 killer bees
  2 electric eels (Lair:5)
  4 howler monkeys
  2 centaur zombies
  4 crimson imps
  5 hounds
  5 human zombies (D:7)
  8 jellies
  A bullfrog zombie (D:6)
  4 centaur skeletons
  15 orc priests
  2 bullfrog skeletons
  A human skeleton (D:7)
  46 orc wizards
  Jessica (D:3)
  27 worker ants
  Terence (D:2)
  4 iguanas
  2 hound skeletons
  A hound zombie (D:8)
  4 mummies (D:7)
  A worker ant zombie (D:10)
  Robin (D:3)
  4 gnolls
  A howler monkey skeleton (D:4)
  9 adders
  4 shadow imps
  4 oozes
  2 adder skeletons
  2 worms
  A dart slug (D:1)
  7 leopard geckos
  97 orcs
  11 bats
  2 bat zombies (D:3)
  5 giant cockroaches
  16 goblins
  10 hobgoblins
  18 jackals
  15 kobolds
  2 quokkas (D:6)
  7 ball pythons
  3 frilled lizards
  A jackal skeleton (D:4)
  A leopard gecko skeleton (D:4)
  An orc skeleton (D:7)
  3 quokka skeletons
  9 rats
  A rat zombie (D:3)
724 creatures vanquished.

Vanquished Creatures (others)
  A hydra (Lair:6)
  A slave (D:7)
  A sky beast (D:11)
  An adder (D:7)
  2 orcs (D:7)
  A quokka (D:7)
  16 fungi
  17 plants
  23 spectral weapons
63 creatures vanquished.

Grand Total: 787 creatures vanquished

Notes
Turn   | Place    | Note
-------+----------+-------------------------------------------
     0 | D:1      | EonDragon20 the Merfolk Skald began the quest for the Orb.
     0 | D:1      | Reached XP level 1. HP: 16/16 MP: 3/3
   464 | D:1      | Reached XP level 2. HP: 4/22 MP: 1/5
   721 | D:1      | Learned a level 2 spell: Song of Slaying
   724 | D:1      | Learned a level 2 spell: Shroud of Golubria
   945 | D:1      | Reached XP level 3. HP: 26/27 MP: 6/6
  1593 | D:2      | Noticed Terence
  2370 | D:2      | Killed Terence
  2370 | D:2      | Reached skill level 4 in Polearms
  2370 | D:2      | Reached XP level 4. HP: 25/33 MP: 2/7
  2415 | D:2      | Found a white marble altar of Elyvilon.
  2633 | D:2      | Found a runed translucent door.
  2638 | D:2      | Learned a level 3 spell: Spectral Weapon
  2638 | D:2      | Noticed Crazy Yiuf
  3097 | D:3      | Reached skill level 1 in Translocations
  3097 | D:3      | Reached XP level 5. HP: 18/38 MP: 7/9
  3119 | D:3      | Reached skill level 5 in Charms
  3363 | D:3      | Noticed Robin
  3383 | D:3      | Killed Robin
  3434 | D:3      | Found a sacrificial altar of Ru.
  3434 | D:3      | Found a radiant altar of Vehumet.
  3435 | D:3      | Found a hide-covered altar of Uskayaw.
  3445 | D:3      | Found a glowing silver altar of Zin.
  3455 | D:3      | Became a worshipper of Uskayaw the Reveler
  3529 | D:3      | Noticed Jessica
  3543 | D:3      | Reached * piety under Uskayaw
  3544 | D:3      | Killed Jessica
  3544 | D:3      | Reached XP level 6. HP: 43/44 MP: 7/10
  3547 | D:3      | Found an ancient bone altar of Kikubaaqudgha.
  3689 | D:3      | Reached skill level 5 in Polearms
  3703 | D:3      | Found a hazy altar of Hepliaklqana.
  3720 | D:3      | Reached ** piety under Uskayaw
  3961 | D:4      | Reached *** piety under Uskayaw
  4005 | D:4      | Reached XP level 7. HP: 29/50 MP: 7/12
  4010 | D:4      | Learned a level 3 spell: Regeneration
  4558 | D:4      | Reached skill level 6 in Polearms
  4674 | D:4      | Found a staircase to the Ecumenical Temple.
  4848 | D:4      | Found a bloodstained altar of Trog.
  4849 | D:4      | Found an iron altar of Okawaru.
  4996 | D:5      | Entered Level 5 of the Dungeon
  5079 | D:5      | Noticed Menkaure
  5100 | D:5      | Killed Menkaure
  5100 | D:5      | Reached XP level 8. HP: 24/56 MP: 7/14
  5100 | D:5      | Reached **** piety under Uskayaw
  5105 | D:5      | Reached ***** piety under Uskayaw
  5927 | D:6      | Reached skill level 7 in Polearms
  6017 | D:6      | Found a glowing golden altar of the Shining One.
  6949 | D:6      | Reached XP level 9. HP: 61/61 MP: 12/16
  6954 | D:6      | Noticed Blork the orc
  6974 | D:6      | Killed Blork the orc
  7205 | D:7      | Noticed Pikel
  7376 | D:6      | Reached skill level 5 in Spellcasting
  7383 | D:6      | Killed Pikel
  7383 | D:6      | Reached skill level 8 in Polearms
  7534 | D:7      | Found a sparkling altar of Nemelex Xobeh.
  7574 | D:7      | Noticed Joseph
  7591 | D:7      | Killed Joseph
  7873 | D:7      | Reached skill level 9 in Polearms
  8030 | D:7      | Reached skill level 10 in Charms
  8418 | D:7      | Reached XP level 10. HP: 58/67 MP: 12/18
  8858 | D:7      | Reached skill level 5 in Translocations
  8955 | D:7      | Found a basalt altar of Yredelemnul.
  9088 | D:8      | Noticed a two-headed ogre
  9099 | D:8      | Killed a two-headed ogre
  9099 | D:8      | Reached skill level 10 in Polearms
  9348 | D:8      | Noticed a two-headed ogre
  9375 | D:8      | Killed a two-headed ogre
  9638 | D:8      | Found a shattered altar of Ashenzari.
 10195 | D:8      | Reached skill level 1 in Armour
 10305 | D:8      | Reached skill level 1 in Shields
 10313 | D:8      | Found a staircase to the Lair.
 10669 | D:9      | Learned a level 3 spell: Ozocubu's Armour
 10926 | D:9      | Reached skill level 11 in Polearms
 11336 | D:9      | Reached XP level 11. HP: 62/75 MP: 9/21
 11464 | D:9      | Found an ornate altar of the Wu Jian Council.
 11464 | D:9      | Found a stormy altar of Qazlal.
 11465 | D:9      | Found a snail-covered altar of Cheibriados.
 12016 | D:10     | Entered Level 10 of the Dungeon
 12623 | D:10     | Found Ontomat's Distillery.
 12641 | D:10     | Bought a potion of heal wounds for 85 gold pieces
 12641 | D:10     | Bought a potion of haste for 170 gold pieces
 12962 | D:11     | Killed an unseen horror
 12962 | D:11     | Reached skill level 12 in Polearms
 13005 | D:11     | Reached skill level 5 in Dodging
 13341 | D:11     | Noticed a brown ugly thing
 13348 | D:11     | Killed a brown ugly thing
 13629 | D:12     | Noticed a purple ugly thing
 13640 | D:12     | Killed a purple ugly thing
 13721 | D:12     | Killed an unseen horror
 14152 | D:12     | Noticed a white ugly thing
 14161 | D:12     | Killed a white ugly thing
 14236 | D:12     | Found a staircase to the Orcish Mines.
 14742 | Lair:1   | Entered Level 1 of the Lair of Beasts
 14836 | Lair:1   | Reached skill level 5 in Fighting
 14903 | Lair:1   | Reached skill level 13 in Polearms
 14903 | Lair:1   | Reached XP level 12. HP: 81/86 MP: 14/22
 16372 | Lair:2   | Found a white marble altar of Elyvilon.
 17021 | Lair:3   | Noticed a queen ant
 17037 | Lair:3   | Killed a queen ant
 17041 | Lair:3   | Reached skill level 14 in Polearms
 17041 | Lair:3   | Reached skill level 5 in Shields
 17103 | Lair:3   | Reached ****** piety under Uskayaw
 17458 | Lair:3   | Found a hole to the Spider Nest.
 17807 | Lair:3   | Reached XP level 13. HP: 55/95 MP: 18/23
 18228 | Lair:3   | Reached skill level 15 in Polearms
 18697 | Lair:3   | Identified a scroll of acquirement
 18697 | Lair:3   | Identified A Primer on Theurgy (You acquired it on level 3
                  | of the Lair of Beasts)
 18975 | Lair:4   | Found a staircase to the Shoals.
 19736 | Lair:5   | Reached skill level 5 in Armour
 20023 | Lair:5   | Reached skill level 16 in Polearms
 20701 | Orc:1    | Entered Level 1 of the Orcish Mines
 20701 | Orc:1    | Noticed an orc warlord
 21233 | D:12     | Killed an orc warlord
 21755 | D:12     | Reached XP level 14. HP: 93/105 MP: 17/24
 22958 | Orc:2    | Entered Level 2 of the Orcish Mines
 23146 | Orc:2    | Found a staircase to the Elven Halls.
 23431 | Orc:1    | Reached skill level 10 in Dodging
 23554 | Orc:1    | Found Ygrieti's Antique Weapon Emporium.
 23604 | Orc:2    | Noticed Jorgrun
 23629 | Orc:2    | Killed Jorgrun
 23670 | Orc:2    | Found a roughly hewn altar of Beogh.
 23848 | Orc:2    | Reached skill level 17 in Polearms
 24269 | Orc:2    | Found Seugy's Book Shoppe.
 24298 | Orc:2    | Found an ancient bone altar of Kikubaaqudgha.
 24379 | Orc:2    | Found a radiant altar of Vehumet.
 24379 | Orc:2    | Noticed Erolcha
 24390 | Orc:2    | Killed Erolcha
 24434 | Orc:2    | Found Pentiotu's Antique Weapon Emporium.
 24503 | Orc:2    | Paralysed by an orc sorcerer for 6 turns
 24796 | Orc:2    | Bought a glowing spear for 132 gold pieces
 24814 | Orc:2    | Found a roughly hewn altar of Beogh.
 24831 | Orc:2    | Found Kecycsia's Magic Scroll Emporium.
 24841 | Orc:2    | Found Cocs's Antique Armour Shoppe.
 24848 | Orc:2    | Bought a scroll of noise for 16 gold pieces
 24858 | Orc:2    | Bought a pair of ancient boots for 294 gold pieces
 24858 | Orc:2    | Bought a slimy ring mail for 279 gold pieces
 24869 | Orc:2    | Identified the +0 pair of boots "Riczae" {MR+++ Regen+
                  | Int-5 Stlth+} (You bought it in a shop on level 2 of the
                  | Orcish Mines)
 24879 | Orc:2    | Identified the +6 ring mail "Xugocwiv" {*Corrode MR++} (You
                  | bought it in a shop on level 2 of the Orcish Mines)
 25181 | Orc:2    | Bought a twisted ring mail for 279 gold pieces
 25193 | Orc:2    | Identified the +5 ring mail of Sovereignty {*Contam Str-3
                  | Int+6 Dex+9} (You bought it in a shop on level 2 of the
                  | Orcish Mines)
 26455 | Lair:6   | Entered Level 6 of the Lair of Beasts
 26772 | Lair:6   | Reached XP level 15. HP: 64/113 MP: 23/25
 26996 | Lair:5   | Reached skill level 18 in Polearms
 27517 | Lair:6   | Found a staircase to the Slime Pits.
 27912 | Shoals:1 | Entered Level 1 of the Shoals
 28991 | Orc:2    | Bought a book of the Sky for 845 gold pieces
 28999 | Orc:2    | Learned a level 6 spell: Deflect Missiles
 29488 | Shoals:1 | Identified the cursed +1 robe of Autotheism {Regen+ rCorr
                  | Int-4}
 29533 | Shoals:1 | Noticed Aizul
 29914 | Shoals:1 | Reached skill level 10 in Fighting
 30137 | Shoals:1 | Reached skill level 19 in Polearms
 30185 | Shoals:1 | Killed from afar by Aizul

Levels and vault maps discovered:
D:1:      roderic_dead_forest, layout_basic, hangedman_glass_teeth,
          st_stairs_11, minmay_misc_feat_doors
D:2:      layout_rooms, nicolae_overflow_hidden_temple, uniq_crazy_yiuf_cottage,
          uniq_terence
D:3:      layout_basic, lemuel_round_altar, nicolae_overflow_quartered_altars,
          lemuel_zombie_altar_kikubaaqudgha, hangedman_abyss_or_decor_stabs,
          uniq_robin, uniq_jessica
D:4:      layout_rooms, grunt_temple_overflow_bloody_war,
          minmay_temple_entry_statues_fountains, kennysheep_generic_room_4
D:5:      layout_gridville, first_ration, uniq_menkaure
D:6:      layout_layer_cave, nicolae_overflow_crystal_walls,
          minmay_strange_pillars, uniq_blork_the_orc
D:7:      layout_rooms, lemuel_mausoleum_altar_yredelemnul,
          nemelex_altar_shiori, uniq_joseph, uniq_pikel
D:8:      layout_rooms, nicolae_ashenzari_panopticon, erik_lair_dragon
D:9:      layout_gridville, chequers_temple_overflow_statue_of_worship,
          hangedman_pestilent_swarm
D:10:     layout_basic, serial_shops, nicolae_shop_stone, shop_fountains
D:11:     layout_rooms
D:12:     layout_irregular_city, orc_david_3
D:13:     layout_roguey, chequers_serial_rivers_room_b
Lair:1:   layout_roguey, grunt_megastairs_3
Lair:2:   layout_cave_shapes, basic_altar, beast_lair_carwin_8
Lair:3:   layout_cave_pods, nicolae_spider_entry_tight_spaces,
          minmay_another_anthill
Lair:4:   layout_cave_shapes, minmay_shoals_entry_centaurs, lemuel_fruit_tree
Lair:5:   layout_regular_city, serial_bayou_shore_a, minmay_lair_oklob_chamber,
          lemuel_fruit_fields
Lair:6:   evilmike_catoblepas_cave, layout_misc_corridors,
          nicolae_slime_entry_slimehenge
Shoals:1: layout_shoals, uniq_aizul
Orc:1:    layout_caves, serial_shops, shop, mines3_lemuel
Orc:2:    kennysheep_orc_mage_school, layout_diamond_mine, basic_altar,
          uniq_jorgrun

Skill      XL: |  1  2  3  4  5  6  7  8  9 10 11 12 13 14 15 |
---------------+----------------------------------------------+-----
Charms         | 4 5 6 7 8 10 11 12 13 14 | 14.3
Polearms       | 4 5 6 7 9 11 13 14 16 17 19 | 19.0
Translocations | 1 2 3 4 5 |  5.0
Spellcasting   | 3 4 5 6 |  6.7
Dodging        | 4 6 7 9 10 11 | 11.8
Armour         | 1 3 4 5 6 |  6.9
Shields        | 1 4 5 6 8 9 |  9.1
Fighting       | 3 5 6 8 9 10 | 10.1

Action                   |  1- 3 |  4- 6 |  7- 9 | 10-12 | 13-15 || total
-------------------------+-------+-------+-------+-------+-------++-------
Melee: Spear             |   169 |   213 |   383 |   244 |    43 ||  1052
       Halberd           |       |       |       |   477 |  1013 ||  1490
       Tailslap          |       |       |       |     1 |     8 ||     9
 Cast: Infusion          |     5 |     1 |       |       |     1 ||     7
       Song of Slaying   |     2 |     3 |     1 |     5 |     2 ||    13
       Shroud of Golubri |     2 |     4 |     1 |    32 |    55 ||    94
       Spectral Weapon   |       |     7 |    41 |    82 |   130 ||   260
       Regeneration      |       |       |     1 |       |     6 ||     7
       Ozocubu's Armour  |       |       |       |    23 |    29 ||    52
Evoke: Wand              |       |       |       |     2 |       ||     2
  Use: Scroll            |     5 |     3 |    15 |    14 |     6 ||    43
       Potion            |       |     2 |     4 |     4 |     7 ||    17
 Stab: Sleeping          |     2 |     1 |     2 |     6 |     1 ||    12
       Paralysed         |       |     2 |     5 |    29 |    22 ||    58
       Distracted        |       |     1 |     5 |    12 |    22 ||    40
  Eat: Chunk             |     4 |     8 |    11 |    21 |    32 ||    76
       Ration            |       |       |     2 |     5 |     4 ||    11
Armor: Leather armour    |    40 |    74 |   146 |   238 |   278 ||   776
       Ring mail         |       |       |       |       |   157 ||   157
Dodge: Dodged            |    99 |   145 |   202 |   326 |   827 ||  1599

Table legend:
 A = Non-vault XP
 B = Vault XP
 C = Vault XP percentage of total XP
 D = Non-vault monster count
 E = Vault monster count
 F = Vault count percentage of total count
                 A         B        C        D         E       F
            +---------+---------+-------+---------+---------+-------
      Total |   97208 |   23624 |  19.6 |     583 |     141 |  19.5
            +---------+---------+-------+---------+---------+-------
        D:1 |      51 |       8 |  13.6 |      29 |       4 |  12.1
        D:2 |      38 |      36 |  48.6 |       8 |       1 |  11.1
        D:3 |     202 |      79 |  28.1 |      37 |      17 |  31.5
        D:4 |     535 |      18 |   3.3 |      24 |       2 |   7.7
        D:5 |     478 |     175 |  26.8 |      23 |       1 |   4.2
        D:6 |     807 |     729 |  47.5 |      25 |       2 |   7.4
        D:7 |    1255 |     970 |  43.6 |      24 |      13 |  35.1
        D:8 |    2139 |     893 |  29.5 |      10 |       6 |  37.5
        D:9 |    1861 |     745 |  28.6 |      29 |       4 |  12.1
       D:10 |     957 |       0 |   0.0 |      30 |       0 |   0.0
       D:11 |    2669 |       0 |   0.0 |      29 |       0 |   0.0
       D:12 |    6406 |     415 |   6.1 |      46 |       7 |  13.2
       D:13 |    2741 |       0 |   0.0 |      15 |       0 |   0.0
     Lair:1 |    2398 |     501 |  17.3 |      12 |       2 |  14.3
     Lair:2 |    2913 |     428 |  12.8 |      10 |       3 |  23.1
     Lair:3 |    7779 |    3834 |  33.0 |      30 |      27 |  47.4
     Lair:4 |    8820 |     445 |   4.8 |      31 |       4 |  11.4
     Lair:5 |   16076 |     209 |   1.3 |      45 |       1 |   2.2
     Lair:6 |   11279 |    3432 |  23.3 |      33 |      12 |  26.7
   Shoals:1 |   19540 |       0 |   0.0 |      37 |       0 |   0.0
      Orc:1 |    6110 |       0 |   0.0 |      40 |       0 |   0.0
      Orc:2 |    2154 |   10707 |  83.3 |      16 |      35 |  68.6
            +---------+---------+-------+---------+---------+-------
